 Dungeon Crawl Stone Soup version 0.25.1-2-g60ff931df9 (webtiles) character file.

Game seed: 2752521545846282515

376 DogServant the Bolt Thrower (level 6, -4/37 HPs)
             Began as a Tengu Hunter on Oct 14, 2020.
             Slain by a scorpion (6 damage)
             ... on level 4 of the Dungeon.
             The game lasted 00:04:26 (5207 turns).

DogServant the Bolt Thrower (Tengu Hunter)          Turns: 5207, Time: 00:04:27

Health: -4/37      AC:  3    Str: 12    XL:     6   Next: 73%
Magic:  7/7        EV: 16    Int: 12    God:
Gold:   119        SH:  0    Dex: 16    Spells: 5/5 levels left

rFire    . . .     SeeInvis .   b - +0 short sword
rCold    . . .     Gourm    .   (no shield)
rNeg     . . .     Faith    .   c - +0 leather armour
rPois    .         Spirit   .   (helmet restricted)
rElec    .         Reflect  .   (no cloak)
rCorr    .         Harm     .   (no gloves)
MR       .....                  (boots unavailable)
Stlth    ++........             (no amulet)
HPRegen  0.12/turn              (no ring)
MPRegen  0.10/turn              (no ring)

@: lethally poisoned (-4 -> -28), flying quickly and evasively, quick
A: beak, talons 3, able to fly
a: Stop Flying


You were on level 4 of the Dungeon.
You were very hungry.

You visited 2 branches of the dungeon, and saw 5 of its levels.

You collected 119 gold pieces.

Inventory:

Hand Weapons
 a - a +1 hand crossbow
 b - a +0 short sword (weapon)
Missiles
 d - 9 bolts
Armour
 c - a +0 leather armour (worn)
 p - a +2 buckler
Scrolls
 k - a scroll of amnesia
 m - a scroll of teleportation
 o - a scroll of magic mapping {unknown}
 r - 2 scrolls of remove curse {unknown}
 s - a scroll of identify {unknown}
Potions
 e - a potion of stabbing
Comestibles
 f - 6 rations


   Skills:
 + Level 3.2 Fighting
 + Level 2.8 Short Blades
 + Level 5.4 Crossbows
 + Level 3.0 Armour
 + Level 3.4 Dodging
 + Level 2.4 Stealth


You had 5 spell levels left.
You didn't know any spells.
Your spell library was empty.

Dungeon Overview and Level Annotations

Branches:
Dungeon (4/15)             Temple (1/1) D:4

Altars:
Ashenzari
Fedhas
Gozag
Hepliaklqana
Makhleb
Qazlal
Sif Muna
Trog
Uskayaw
Vehumet
Wu Jian
Yredelemnul
Zin

Portals:
Abyss: D:4

Annotations:
D:4 1 transporter, Gaxx's ghost, amateur DsGl


Innate Abilities, Weirdness & Mutations

You have a beak for a mouth.
You have claws for feet.
You can fly continuously.


Message History

You are too injured to fight recklessly!
You are too injured to fight recklessly!
You barely miss the scorpion.
You claw the scorpion, but do no damage.
Your peck misses the scorpion.
The scorpion is severely wounded.
You feel sick. The scorpion completely misses you.
You hit the scorpion but do no damage.
You peck the scorpion, but do no damage.
The scorpion is severely wounded.
* * * LOW HITPOINT WARNING * * *
You feel sick. The scorpion stings you!
* * * LOW HITPOINT WARNING * * *
You hit the scorpion.
You claw the scorpion, but do no damage.
Your peck misses the scorpion.
The scorpion is almost dead.
* * * LOW HITPOINT WARNING * * *
You feel sick. The scorpion stings you.
You die...

#.#
#..##..
#.#
#...
#.#
#...
#.#
##..
#.# #.#
#.# #.#
#@# #s#
#.# #..
###


You could see a scorpion.

Vanquished Creatures
  A water moccasin skeleton (D:4)
  A howler monkey (D:4)
  A hound (D:4)
  A centaur skeleton (D:4)
  2 orc wizards
  An iguana (D:4)
  2 worker ants
  2 hound skeletons (D:4)
  2 adders
  An ooze (D:1)
  A worm (D:2)
  2 dart slugs (D:1)
  3 leopard geckos
  5 orcs
  2 giant cockroaches
  3 hobgoblins
  6 jackals
  A quokka (D:4)
  A ball python (D:1)
  6 bats
  3 frilled lizards
  4 goblins
  5 kobolds
  7 rats
63 creatures vanquished.

Notes
Turn   | Place    | Note
-------+----------+-------------------------------------------
     0 | D:1      | DogServant the Tengu Hunter began the quest for the Orb.
     0 | D:1      | Reached XP level 1. HP: 12/12 MP: 2/2
   326 | D:1      | Reached XP level 2. HP: 15/17 MP: 3/3
   780 | D:1      | Reached skill level 1 in Armour
  1429 | D:1      | Reached XP level 3. HP: 10/21 MP: 4/4
  1604 | D:2      | Reached skill level 1 in Short Blades
  1604 | D:2      | Reached XP level 4. HP: 22/27 MP: 5/5
  1802 | D:2      | Found a faded altar of an unknown god.
  2378 | D:3      | Noticed an air elemental
  2379 | D:3      | Found a stormy altar of Qazlal.
  2434 | D:4      | HP: 1/27 [poisoned by a kobold]
  2878 | D:4      | Reached skill level 5 in Crossbows
  2916 | D:4      | Gained mutation: You can fly continuously. [Tengu growth]
  2916 | D:4      | Reached XP level 5. HP: 21/31 MP: 6/6
  3055 | D:4      | Noticed a toenail golem
  3056 | D:4      | Found a one-way gate to the infinite horrors of the Abyss.
  3056 | D:4      | Noticed a big kobold
  3056 | D:4      | Noticed Gaxx's ghost (amateur DsGl)
  3072 | D:4      | Found a transporter.
  3184 | D:4      | HP: 1/31 [iguana (4)]
  3755 | D:4      | Found a staircase to the Ecumenical Temple.
  3767 | Temple   | Entered the Ecumenical Temple
  3775 | Temple   | Reached XP level 6. HP: 29/36 MP: 7/7
  4300 | D:4      | Found a shimmering blue altar of Sif Muna.
  4451 | D:4      | Found a blossoming altar of Fedhas.
  4616 | D:4      | Noticed a phantom
  5017 | D:4      | Found a glowing silver altar of Zin.
  5207 | D:4      | Slain by a scorpion

Illustrated notes

Levels and vault maps discovered:
D:1:      nzn_arrival_settlement, layout_loops_corners
D:2:      layout_rooms, first_ration, chequers_ecumenical_altar_simple_redux,
          minmay_misc_feat_hallway, grunt_ministairs_14
D:3:      layout_basic, nicolae_qazlal_style_of_elements,
          kiku_gazebo_pond_becter, minmay_crystal_room,
          kennysheep_generic_room_4
D:4:      layout_basic, led_sif_pool, lemuel_doored_altar,
          nicolae_overflow_hidden_temple, minmay_temple_entry_grid,
          gammafunk_ghost_abyssal_escape
Temple:   compressed_dpeg_triangle_lava_temple

Skill      XL: |  1  2  3  4  5  6 |
---------------+-------------------+-----
Armour         | 1 2 3 |  3.0
Short Blades   | 1 2 |  2.8
Crossbows      | 5 |  5.4
Dodging        | 3 |  3.4
Stealth        | 2 |  2.4
Fighting       | 3 |  3.2

Action                   |  1- 3 |  4- 6 || total
-------------------------+-------+-------++-------
Melee: Short sword       |    53 |   131 ||   184
       Kick              |     9 |    48 ||    57
       Peck              |     6 |    17 ||    23
 Fire: Hand crossbow     |    12 |    33 ||    45
 Abil: Fly               |       |     1 ||     1
  Use: Scroll            |       |     7 ||     7
       Potion            |       |     4 ||     4
 Stab: Sleeping          |       |     3 ||     3
  Eat: Chunk             |     1 |    11 ||    12
Armor: Leather armour    |    12 |    16 ||    28
Dodge: Dodged            |    35 |   123 ||   158
